 Dungeon Crawl Stone Soup version 0.16-a0-324-g99bef82 (webtiles) character file.

106 PolkaDot the Caller (level 4, -1/30 HPs)
             Began as a Vampire Summoner on Sept 3, 2014.
             Slain by Sigmund
             ... wielding a +1 scythe of protection
              (11 damage)
             ... on Level 3 of the Dungeon.
             The game lasted 00:07:35 (2049 turns).

PolkaDot the Caller (Vampire Summoner)              Turns: 2049, Time: 00:07:36

HP  -1/30        AC  2     Str  7      XL: 4   Next: 55%
MP   2/7         EV 12     Int 18      God:
Gold 103         SH  0     Dex 14      Spells:  3 memorised,  1 level left

rFire  . . .     SeeInvis +     t - +3 short sword
rCold  . . .     Clarity  .     a - +0 robe
rNeg   . . .     rCorr    .     (no shield)
rPois  .         rRot     .     (no helmet)
rElec  .         Spirit   .     (no cloak)
SustAb .         Warding  .     (no gloves)
rMut   .         Stasis   .     (no boots)
Gourm  .                        (no amulet)
MR     .....                    (no ring)
                                (no ring)

@: very slightly contaminated, regenerating quickly, hasted, very quick, not
resistant to hostile enchantments, unstealthy
A: fangs 3, see invisible, unbreathing
a: no special abilities


You were on level 3 of the Dungeon.
You were very full.

You visited 1 branch of the dungeon, and saw 3 of its levels.

You collected 103 gold pieces.

Inventory:

Hand weapons
 t - a +3 short sword (weapon)
Armour
 a - a +0 robe (worn)
Magical devices
 s - a wand of slowing (4)
Scrolls
 d - a scroll of fog {unknown}
 e - 3 scrolls of teleportation {unknown}
 h - 4 scrolls of remove curse {unknown}
 i - 3 scrolls of noise {unknown}
 m - 4 scrolls of identify {unknown}
 n - a scroll of enchant armour {unknown}
 p - a scroll of recharging {unknown}
 q - a scroll of blinking {unknown}
Potions
 f - a potion of resistance {unknown}
 g - a potion of cancellation {unknown}
 k - a potion of heal wounds {unknown}
 l - a potion of mutation {unknown}
 o - a potion of flight {unknown}
Books
 b - a book of Callings

   Spells                             Type                      Level
   *Summon Small Mammal               Summoning                    1
   *Call Imp                          Summoning                    2
   *Call Canine Familiar              Summoning                    3
   Summon Guardian Golem              Hexes/Summoning              4
   Summon Lightning Spire             Summoning/Air                4
   Summon Ice Beast                   Ice/Summoning                4
 r - a book of the Warp

   Spells                             Type                      Level
   Control Teleport                   Charms/Translocation         4
   Phase Shift                        Translocation                5
   Warp Weapon                        Charms/Translocation         5
   Dispersal                          Translocation                6
   Controlled Blink                   Translocation                7
   Disjunction                        Translocation                8


   Skills:
 - Level 2.1 Dodging
 - Level 3.0 Stealth
 - Level 2.0 Spellcasting
 * Level 6.0 Summonings


You had one spell level left.
You knew the following spells:

 Your Spells              Type           Power        Failure   Level  Hunger
a - Summon Small Mammal   Summ           ###.         1%          1    #......
d - Call Canine Familiar  Summ           ###.....     4%          3    ####...
s - Call Imp              Summ           ###.....     1%          2    ##.....


Dungeon Overview and Level Annotations

Branches:
Dungeon (3/15)

Altars:
Dithmenos
Kikubaaqudgha

Annotations:
D:3 Sigmund


Innate Abilities, Weirdness & Mutations

Your natural rate of healing is unusually fast.
You have razor-sharp teeth.
You have supernaturally acute eyesight.
You can survive without breathing.


Message History

Sigmund is moderately wounded.
Your hound bites Sigmund.
Your crimson imp misses Sigmund.
You hit Sigmund but do no damage.
Sigmund is heavily wounded.
Your hound closely misses Sigmund.
Your crimson imp closely misses Sigmund.
You slash Sigmund!
Sigmund is severely wounded.
Your hound bites Sigmund.
Sigmund points at you and mumbles some strange words.
The puff of flame misses you.
You hit Sigmund.
Sigmund is almost dead.
Your hound barely misses Sigmund.
Your crimson imp blinks!
You hit Sigmund but do no damage.
Sigmund is almost dead.
Your hound bites Sigmund but does no damage.
Sigmund hits you with a runed scythe!
You die...

#.######
#......#
######.#
.####### #.#
.)......#
#.#
........#
#.#
.......ยง#
#.#
......5.@###
#.#
........@h.#
#.#
..5.######.#
#.# #.# #.#
#.# #.# #.#
#.# #.# #.#
#.# #.# #.#
#.# #.# #.#


You could see Sigmund (invisible), a friendly hound and 2 friendly crimson imps.

Vanquished Creatures
  Jessica (D:2)
  An adder (D:3)
  A giant gecko (D:1)
  An ooze (D:2)
  5 giant cockroaches
  7 goblins
  3 hobgoblins
  11 bats
  A giant newt (D:1)
  4 rats
35 creatures vanquished.

Vanquished Creatures (collateral kills)
  Terence (D:3)
  A gnoll (D:1)
  2 adders (D:3)
  2 worms (D:2)
  A giant gecko (D:2)
  3 jackals (D:1)
  A kobold (D:1)
  2 bats
  A goblin (D:2)
  2 rats
16 creatures vanquished.

Vanquished Creatures (others)
  A quokka (D:1)
  A rat (D:1)
  7 toadstools (D:1)
9 creatures vanquished.

Grand Total: 60 creatures vanquished

Notes
Turn   | Place    | Note
--------------------------------------------------------------
     0 | D:1      | PolkaDot, the Vampire Summoner, began the quest for the Orb.
     0 | D:1      | Reached XP level 1. HP: 13/13 MP: 3/3
   284 | D:1      | Reached XP level 2. HP: 13/19 MP: 0/4
   496 | D:1      | Learned a level 2 spell: Call Imp
   840 | D:1      | Reached skill level 5 in Summonings
   889 | D:2      | Reached XP level 3. HP: 24/24 MP: 6/6
   899 | D:2      | Learned a level 3 spell: Call Canine Familiar
  1020 | D:2      | Found a shadowy altar of Dithmenos.
  1020 | D:2      | Found an ancient bone altar of Kikubaaqudgha.
  1173 | D:2      | Noticed Jessica
  1182 | D:2      | Killed Jessica
  1280 | D:2      | Reached XP level 4. HP: 21/30 MP: 7/7
  1779 | D:3      | Noticed Terence
  1803 | D:3      | Reached skill level 6 in Summonings
  1844 | D:3      | Killed Terence
  2026 | D:3      | Noticed Sigmund
  2049 | D:3      | Slain by Sigmund

Action                   |  1- 3 |  4- 6 || total
-------------------------+-------+-------++-------
Melee: Unarmed           |    64 |       ||    64
       Spear             |    57 |    38 ||    95
       Short sword       |       |     7 ||     7
 Cast: Summon Small Mamm |    17 |       ||    17
       Call Imp          |     2 |     6 ||     8
       Call Canine Famil |     3 |     3 ||     6
Evoke: Wand              |       |     2 ||     2
  Use: Potion            |     1 |     3 ||     4
 Stab: Sleeping          |     5 |     1 ||     6
       Distracted        |       |     2 ||     2
  Eat: Corpse            |    16 |     4 ||    20
